 Dungeon Crawl Stone Soup version 0.31-a0-187-gba352fbbf7 (webtiles) character file.

Game seed: 8834106074895473345

42 qw the Shooter (level 3, -4/20 HPs)
             Began as a Deep Elf Hunter on June 22, 2023.
             Slain by Sigmund
             ... wielding a +0 scythe
              (10 damage)
             ... on level 2 of the Dungeon.
             The game lasted 00:00:23 (980 turns).

qw the Shooter (Deep Elf Hunter)                     Turns: 980, Time: 00:00:23

Health: -4/20      AC:  3    Str: 10    XL:     3   Next: 33%
Magic:  5/5        EV: 12    Int: 13    God:
Gold:   14         SH:  0    Dex: 18    Spells: 2/2 levels left

rFire   . . .        Y - +0 arbalest
rCold   . . .        (shield currently unavailable)
rNeg    . . .        c - +0 leather armour
rPois   .            (no helmet)
rElec   .            (no cloak)
rCorr   .            (no gloves)
SInv    .            (no boots)
Will    .....        (no amulet)
Stlth   ++           (no ring)
HPRegen 0.23/turn    (no ring)
MPRegen 0.09/turn

%: no passive effects
@: no status effects
A: no striking features
a: no special abilities


You were on level 2 of the Dungeon.
You visited 1 branch of the dungeon, and saw 2 of its levels.

You collected 14 gold pieces.


   Skills:
 - Level 1.5 Fighting
 + Level 6.9 Ranged Weapons
 - Level 2.4 Dodging
 - Level 1.2 Stealth


You had 2 spell levels left.
You didn't know any spells.
Your spell library was empty.

Inventory:

Hand Weapons
 Y - a +0 arbalest (weapon)
Armour
 c - a +0 leather armour (worn)
Potions
 e - a potion of curing
 i - a potion of haste {unknown}

Dungeon Overview and Level Annotations

Branches:
Dungeon (2/15)

Altars:

Annotations:
D:2 Sigmund


Message History

You hear a shout!
Sigmund gestures wildly while chanting.
Sigmund flickers and vanishes!
Deactivating autopickup; reactivate with Ctrl-A.
You shoot a bolt.
The bolt hits the ball python but does no damage.
The ball python barely misses you. The ball python grabs you.
The ball python constricts you.
A giant cockroach comes into view.
The ball python bites you. The ball python constricts you.
You shoot a bolt. The bolt hits the ball python!!
You kill the ball python!
Something tries to affect you, but you resist.
You shoot a bolt.
The bolt barely misses the giant cockroach.
The giant cockroach misses you.
You shoot a bolt.
The bolt closely misses the giant cockroach.
The giant cockroach bites you.
The giant cockroach bites you but does no damage.
You shoot a bolt.
The bolt barely misses the giant cockroach.
The giant cockroach completely misses you.
The giant cockroach closely misses you. Something hits you.
You shoot a bolt.
The bolt closely misses the giant cockroach.
The giant cockroach bites you but does no damage.
The giant cockroach misses you. Something hits you.
A kobold comes into view. It is wielding a +0 long sword.
You shoot a bolt. The bolt hits the giant cockroach.
The giant cockroach is severely wounded.
The giant cockroach bites you. The giant cockroach barely misses you.
Something completely misses you.
You shoot a bolt.
The bolt barely misses the giant cockroach.
The bolt hits the kobold!
You kill the kobold!
The giant cockroach closely misses you. Something hits you!
Ouch! That really hurt!
You die...

#
##..............
#..####..######
#..# #..# #..#
#..# ...#
#..#### .....
#..##.# .##...
#.....#
#....<###.#
........ #@#
......# #B#
#...#. {.#
#...## .!.# #..
$<... #. ......
.....).
#.#.....#


You could see a giant cockroach.

Vanquished Creatures
  2 dart slugs (D:1)
  2 endoplasms (D:1)
  A giant cockroach (D:1)
  A goblin (D:1)
  A hobgoblin (D:1)
  10 jackals (D:1)
  3 kobolds
  4 ball pythons
  4 bats (D:1)
  2 frilled lizards (D:1)
  6 rats
36 creatures vanquished.

Notes
Turn   | Place    | Note
-------+----------+-------------------------------------------
     0 | D:1      | qw the Deep Elf Hunter began the quest for the Orb.
     0 | D:1      | Reached XP level 1. HP: 12/12 MP: 3/3
     0 | D:1      | 0 ||| qw: Version: 0.3-a-9-g12657ce
     0 | D:1      | 0 ||| qw: Game counter: 2177
     0 | D:1      | 0 ||| qw: Always use a shield: true
     0 | D:1      | 0 ||| qw: God list: Okawaru
     0 | D:1      | 0 ||| qw: Allow faded altars: false
     0 | D:1      | 0 ||| qw: Do Orc after D:15 true
     0 | D:1      | 0 ||| qw: Do second Lair branch before Depths: true
     0 | D:1      | 0 ||| qw: Lair rune preference: random
     0 | D:1      | 0 ||| qw: Plans: Normal
     0 | D:1      | 0 ||| PLANNING D:1-11
   154 | D:1      | Reached skill level 6 in Ranged Weapons
   154 | D:1      | Reached XP level 2. HP: 16/16 MP: 4/4
   319 | D:1      | HP: 4/16 [jackal (2)]
   325 | D:1      | Reached XP level 3. HP: 3/20 MP: 5/5
   558 | D:1      | 558 ||| SWAPPING to +0 arbalest.
   561 | D:1      | 561 ||| DROPPING +0 shortbow.
   847 | D:1      | 847 ||| READING scroll labelled UNKUYPHOUK.
   848 | D:1      | 848 ||| READING scroll labelled ZYRROO IWEATAI.
   849 | D:1      | 849 ||| READING scroll labelled SIF OCOCSA.
   850 | D:1      | 850 ||| READING scroll labelled AXIM UCUCAMUDD.
   851 | D:1      | 851 ||| DRINKING 2 viscous amethyst potions.
   852 | D:1      | 852 ||| DROPPING scroll of butterflies.
   971 | D:2      | Noticed Sigmund
   979 | D:2      | HP: 5/20 [giant cockroach (1)]
   980 | D:2      | Slain by Sigmund

Levels and vault maps discovered:
D:1:      lightli_arrival_chessboard, layout_loops_cross,
          dreamdust_princess_bridge, minivault_11, hangedman_decor_opposing,
          kennysheep_pointless_box, chequers_serial_rivers_micro_e
D:2:      layout_basic, serial_shops, shop_coins, basic_altar, uniq_sigmund

Skill      XL: |  1 |
---------------+----+-----
Ranged Weapons | 6 |  6.9
Fighting       | |  1.5
Dodging        | |  2.4
Stealth        | |  1.2

Action                     || total
---------------------------++-------
   Fire: Shortbow          ||    74
         Arbalest          ||    20
    Use: Scroll            ||     4
         Potion            ||     1
 Armour: Leather armour    ||     9
  Dodge: Dodged            ||    30

Table legend:
 A = Non-vault XP
 B = Vault XP
 C = Vault XP percentage of total XP
 D = Non-vault monster count
 E = Vault monster count
 F = Vault count percentage of total count
                 A         B        C        D         E       F
            +---------+---------+-------+---------+---------+-------
      Total |      61 |       0 |   0.0 |      36 |       0 |   0.0
            +---------+---------+-------+---------+---------+-------
        D:1 |      56 |       0 |   0.0 |      32 |       0 |   0.0
        D:2 |       5 |       0 |   0.0 |       4 |       0 |   0.0
            +---------+---------+-------+---------+---------+-------
